 Dungeon Crawl Stone Soup version 0.29.1-2-gbd0b4ee654 (webtiles) character file.

Game seed: 13913742392946702649

606 styxcanada the Covert (level 7, -5/35 HPs)
             Began as a Spriggan Brigand on Oct 26, 2022.
             Was an Initiate of Gozag.
             Killed from afar by a white imp (8 damage)
             ... with a puff of frost
             ... on level 5 of the Dungeon.
             The game lasted 00:20:43 (5613 turns).

styxcanada the Covert (Spriggan Brigand)            Turns: 5613, Time: 00:20:44

Health: -5/35      AC:  3    Str:  7    XL:     7   Next: 19%
Magic:  8/8        EV: 19    Int: 13    God:    Gozag
Gold:   255        SH:  0    Dex: 18    Spells: 6/6 levels left

rFire   . . .      SeeInvis +   a - +3 dagger
rCold   . . .      Faith    .   (no shield)
rNeg    . . .      Spirit   .   b - +0 robe
rPois   .          Reflect  .   (helmet restricted)
rElec   .          Harm     .   c - +0 cloak
rCorr   .          Rampage  .   (gloves unavailable)
Will    +....                   (boots unavailable)
Stlth   +++++.....              (no amulet)
HPRegen 0.11/turn               (no ring)
MPRegen 0.11/turn               (no ring)

@: very quick
A: very small, no large weapons, unfitting armour, see invisible, speed 3
a: Renounce Religion, Potion Petition, Call Merchant, Bribe Branch


You were on level 5 of the Dungeon.
You worshipped Gozag.
Gozag was aware of your devotion.
You visited 2 branches of the dungeon, and saw 6 of its levels.

You collected 307 gold pieces.
You paid 52 gold pieces to Gozag.

Inventory:

Hand Weapons
 a - a +3 dagger (weapon)
 t - a +2 quarterstaff of chaos
 u - the +4 hammer "Widowmaker" {freeze, rC++ Str+2 Dex-3}
   (You found it on level 2 of the Dungeon)

   It freezes those it strikes, dealing additional cold damage.
   It can also slow down cold-blooded creatures.
   Str:       It affects your strength (+2).
   Dex:       It affects your dexterity (-3).
   rC:        It greatly protects you from cold.
 z - a +0 sling
Missiles
 d - 11 poisoned darts (quivered)
 e - a curare-tipped dart
 h - 6 boomerangs
 k - 21 stones
Armour
 b - a +0 robe (worn)
 c - a +0 cloak (worn)
 w - a scarf of shadows
Wands
 o - a wand of roots (7)
 q - a wand of flame (19)
 D - a wand of acid (8)
Scrolls
 i - 3 scrolls of amnesia
 p - 3 scrolls of fog
 x - a scroll of magic mapping
 A - a scroll of immolation
 E - 2 scrolls of poison {unknown}
 F - a scroll of fear {unknown}
Potions
 f - 2 potions of berserk rage
 g - 4 potions of curing
 j - a potion of resistance
 l - a potion of cancellation
 m - a potion of flight {unknown}
 n - a potion of lignification {unknown}
 r - 2 potions of brilliance {unknown}
 s - 3 potions of attraction {unknown}
 v - 3 potions of heal wounds {unknown}
 B - 2 potions of haste {unknown}
 C - a potion of might {unknown}


   Skills:
 * Level 2.6 Fighting
 + Level 3.4 Short Blades
 + Level 3.4 Throwing
 * Level 4.2 Dodging
 * Level 10.2 Stealth


You had 6 spell levels left.
You didn't know any spells.
Your spell library contained the following spells:

 Spells                   Type           Power      Damage    Failure   Level
 Shock                    Conj/Air       0%         1d3       30%         1
 Swiftness                Air            0%         N/A       67%         3
 Airstrike                Air            0%         2d(0-16)  97%         4


Dungeon Overview and Level Annotations

Branches:
Dungeon (5/15)             Temple (1/1) D:4

Altars:
Ashenzari
Cheibriados
Dithmenos
Elyvilon
Fedhas
Gozag
Hepliaklqana
Makhleb
Nemelex Xobeh
Okawaru
Ru
Trog
Yredelemnul
Zin

Shops:
D:4 =

Annotations:
D:4 Godmorgon's ghost, amateur FoAK; nshep25's ghost, amateur MiFi; safid's ghost, amateur MiHu
D:5 CBASSkasper's ghost, amateur HOFi


Innate Abilities, Weirdness & Mutations

You are very small and have problems with some larger weapons.
You are too small for most types of armour.
You have supernaturally acute eyesight. (SInv)
You cover ground extremely quickly. (Speed+++)


Message History

The white imp shouts, "Accept thy fall, thou villainous two-tin-hat gonus!"
The white imp gestures at you. The puff of frost misses you.
You hit the white imp but do no damage.
The white imp is almost dead.
The adder simulacrum is no longer distracted by gold.
You hit the white imp but do no damage.
The white imp is almost dead.
CBASSkasper's ghost is no longer distracted by gold.
The white imp gestures at you. The puff of frost hits you!
You closely miss the white imp.
The white imp is almost dead.
You hit the white imp but do no damage.
The white imp is almost dead.
The white imp is distracted by your dazzling golden aura.
The white imp gestures at you. The puff of frost hits you.
You closely miss the white imp.
The white imp is almost dead.
The white imp shouts, "Fly, thou worthless nose-picking half-meal!"
The white imp closely misses you.
You hit the white imp.
The white imp is almost dead.
The white imp gestures at you. The puff of frost hits you.
* * * LOW HITPOINT WARNING * * *
The white imp is no longer distracted by gold.
The white imp hits you.
* * * LOW HITPOINT WARNING * * *
The white imp freezes you.
* * * LOW HITPOINT WARNING * * *
Aiming: Throw Flame
Press: ? - help, Shift-Dir - straight line, f/p - white imp
Aim: a white imp (almost dead, 68% to hit)
The puff of flame misses the white imp.
The white imp gestures at you. The puff of frost hits you!
You die...
Your body crumbles into a pile of gold.

.#.##.# #.# .#.##.# #.#
.#.##?## #.# .#.##..#
#.# .#..##.#
########.#### ....##.#
#[..........# .##[##.#
#.######....# .##.##.#
#.#########.# .##.##>#
#.#...@.....#
.##.##.####.#..######5#
.##.##.#........$W5##.#
....##...###'''###..#5#
....##..##.....ZZ##...#
........#.........##..#
....##.##..........#..#
..?.#..#...####Z...##.#
#.....##..##??###...#.#


You could see a white imp.

Vanquished Creatures
  Sigmund (D:2)
  Menkaure (D:5)
  Crazy Yiuf (D:2)
  Jessica (D:2)
  2 iguanas
  Ijyb (D:5)
  A killer bee simulacrum (D:5)
  6 adders
  3 gnolls (D:5)
  3 ufetubi (D:4)
  A dart slug (D:2)
  4 orcs
  4 ball pythons
  6 endoplasms
  2 giant cockroaches
  5 goblins
  7 hobgoblins
  6 jackals
  4 quokkas
  5 bats (D:2)
  4 frilled lizards
  12 kobolds
  4 rats (D:2)
84 creatures vanquished.

Vanquished Creatures (others)
  2 fungi (D:2)
  6 plants (D:3)
  4 withered plants (D:4)
12 creatures vanquished.

Grand Total: 96 creatures vanquished

Notes
Turn   | Place    | Note
-------+----------+-------------------------------------------
     0 | D:1      | styxcanada the Spriggan Brigand began the quest for the
                  | Orb.
     0 | D:1      | Reached XP level 1. HP: 10/10 MP: 2/2
    95 | D:1      | Reached skill level 6 in Stealth
   257 | D:1      | Reached XP level 2. HP: 14/14 MP: 3/3
  1000 | D:1      | Found a faded altar of an unknown god.
  1239 | D:1      | Reached skill level 7 in Stealth
  1350 | D:2      | Reached XP level 3. HP: 18/18 MP: 4/4
  1367 | D:2      | Noticed Jessica
  1540 | D:2      | Killed Jessica
  1691 | D:2      | Reached XP level 4. HP: 20/23 MP: 5/5
  1926 | D:2      | Noticed Sigmund
  1933 | D:2      | Killed Sigmund
  1934 | D:2      | Reached skill level 8 in Stealth
  1934 | D:2      | Reached XP level 5. HP: 26/26 MP: 6/6
  2196 | D:2      | Found a runed translucent door.
  2197 | D:2      | Noticed Crazy Yiuf
  2214 | D:2      | Killed Crazy Yiuf
  2215 | D:2      | Reached skill level 9 in Stealth
  2215 | D:2      | Reached XP level 6. HP: 30/30 MP: 7/7
  2233 | D:2      | Identified the +4 hammer "Widowmaker" {freeze, rC++ Str+2
                  | Dex-3}
  3136 | D:4      | Found Weoweci's Jewellery Shoppe.
  3193 | D:4      | Found a glowing silver altar of Zin.
  3500 | D:4      | Found a sacrificial altar of Ru.
  3545 | D:4      | Found a runed translucent gate.
  3545 | D:4      | Found a runed translucent gate.
  3561 | D:4      | Found a runed translucent gate.
  3563 | D:4      | Noticed nshep25's ghost (amateur MiFi)
  3563 | D:4      | Noticed Godmorgon's ghost (amateur FoAK)
  3565 | D:4      | Noticed safid's ghost (amateur MiHu)
  3667 | D:4      | Found a staircase to the Ecumenical Temple.
  3740 | Temple   | Entered the Ecumenical Temple
  3748 | Temple   | Became a worshipper of Gozag Ym Sagoz the Greedy
  4326 | D:5      | Entered Level 5 of the Dungeon
  4431 | D:5      | Found a hazy altar of Hepliaklqana.
  4432 | D:5      | Found a shadowy altar of Dithmenos.
  4432 | D:5      | Noticed a shadow
  4511 | D:5      | Noticed Ijyb
  4528 | D:5      | Killed Ijyb
  4861 | D:5      | Found a runed translucent gate.
  4861 | D:5      | Found a runed translucent gate.
  4861 | D:5      | Found a runed translucent gate.
  4862 | D:5      | Noticed CBASSkasper's ghost (amateur HOFi)
  4905 | D:5      | Found Zamul's CLEARANCE SALE!.
  4907 | D:5      | Noticed Menkaure
  5220 | D:5      | Killed Menkaure
  5221 | D:5      | Reached skill level 10 in Stealth
  5221 | D:5      | Reached XP level 7. HP: 29/35 MP: 8/8
  5613 | D:5      | Killed from afar by a white imp

Illustrated notes

Levels and vault maps discovered:
D:1:      giann_forest_graveyard, layout_basic,
          shapermc_ecumenical_altar_mp_highgroup
D:2:      layout_basic, minmay_misc_feat_encased, uniq_jessica, uniq_sigmund,
          uniq_crazy_yiuf_cottage
D:3:      layout_loops_ring, serial_bayou_pond_c,
          chequers_serial_rivers_micro_b, grunt_ministairs_2
D:4:      layout_loops_ring, nicolae_ru_path_of_blood, lemuel_crystal_altar,
          minmay_temple_entry_glass, serial_shops, kennysheep_mini_moat,
          gammafunk_ghost_cemetery
D:5:      layout_loops_ring, riverfiend_overflow_shadow_ancestor,
          gammafunk_ghost_icy, nicolae_shop_clearance, uniq_ijyb, uniq_menkaure
Temple:   compressed_dpeg_triangle_lava_temple

Skill      XL: |  1  2  3  4  5  6 |
---------------+-------------------+-----
Stealth        | 6 7 8 9 10 | 10.2
Dodging        | 3 4 |  4.2
Fighting       | 2 |  2.6
Throwing       | 3 |  3.4
Short Blades   | 3 |  3.4

Action                   |  1- 3 |  4- 6 |  7- 9 || total
-------------------------+-------+-------+-------++-------
Melee: Dagger            |    66 |   142 |     9 ||   217
       Punch             |     1 |     1 |       ||     2
Throw: Dart              |    29 |    37 |       ||    66
Evoke: Wand              |       |       |     7 ||     7
  Use: Scroll            |       |    12 |       ||    12
       Potion            |       |     1 |       ||     1
 Stab: Distracted        |     1 |       |       ||     1
       Sleeping          |     4 |    17 |       ||    21
Armor: Robe              |    11 |    18 |       ||    29
Dodge: Dodged            |    54 |    99 |     2 ||   155
